 Dungeon Crawl Stone Soup version 0.21.1-1-g345015f (webtiles) character file.

399 prawnwizard the Chopper (level 6, -2/84 HPs)
             Began as a Minotaur Berserker on July 2, 2018.
             Was a Priest of Trog.
             Slain by Dethcloth's ghost (18 damage)
             ... on level 4 of the Dungeon.
             The game lasted 00:03:05 (2659 turns).

prawnwizard the Chopper (Minotaur Berserker)        Turns: 2659, Time: 00:03:05

Health: -2/84      AC: 11    Str: 29    XL:     6   Next: 54%
Magic:  5/5        EV: 10    Int:  4    God:    Trog [***...]
Gold:   113        SH:  0    Dex:  9    Spells: 5/5 levels left

rFire    . . .     SeeInvis .   a - +0 hand axe
rCold    . . .     Gourm    .   (no shield)
rNeg     . . .     Faith    .   k - +0 chain mail
rPois    .         Spirit   .   (helmet restricted)
rElec    .         Reflect  .   (no cloak)
rCorr    +         Harm     .   (no gloves)
MR       .....                  o - +1 pair of boots
Stlth    ..........             (no amulet)
HPRegen  0.24/turn              h - ring of resist corrosion
MPRegen  0.09/turn              i - ring of flight

@: berserking, very quick
A: retaliatory headbutt, horns 2
a: Berserk, Trog's Hand, Burn Spellbooks, Renounce Religion, Evoke Flight


You were on level 4 of the Dungeon.
You worshipped Trog.
Trog was most pleased with you.
You were not hungry.

You visited 1 branch of the dungeon, and saw 4 of its levels.

You collected 113 gold pieces.

Inventory:

Hand Weapons
 a - a +0 hand axe (weapon)
Armour
 d - a +0 ring mail
 k - a +0 chain mail (worn)
 o - a +1 pair of boots (worn)
Jewellery
 h - a ring of resist corrosion (left hand)
 i - a ring of flight (right hand)
 u - an uncursed ring of ice {unknown}
Scrolls
 e - a scroll of immolation {unknown}
 f - a scroll of fog {unknown}
 g - 2 scrolls of remove curse {unknown}
 j - a scroll of blinking {unknown}
 n - a scroll of amnesia {unknown}
 p - 3 scrolls of teleportation {unknown}
 r - a scroll of identify {unknown}
Potions
 b - 2 potions of might {unknown}
 l - 2 potions of curing {unknown}
 m - 2 potions of brilliance {unknown}
 q - a potion of lignification {unknown}
 t - a potion of mutation {unknown}
 v - a potion of degeneration {unknown}
Comestibles
 c - 9 rations
 s - 7 chunks of flesh


   Skills:
 + Level 5.1 Fighting
 * Level 6.4 Axes
 + Level 4.1 Armour
 + Level 3.9 Dodging


You had 5 spell levels left.
You didn't know any spells.

Dungeon Overview and Level Annotations

Branches:
Dungeon (4/15)
 Temple: D:4-7

Altars:
Zin

Annotations:
D:4 Dethcloth's ghost, novice TrFi


Innate Abilities, Weirdness & Mutations

You reflexively headbutt those who attack you in melee.
You have a pair of horns on your head.


Message History

You furiously retaliate!
You headbutt the ogre! You slash Dethcloth's ghost!
Dethcloth's ghost is moderately damaged.
You slash the ogre!
Dethcloth's ghost hits you but does no damage.
You slash Dethcloth's ghost!
Dethcloth's ghost is heavily damaged.
Your chain mail prevents you from hitting the ogre.
Dethcloth's ghost hits you.
* * * LOW HITPOINT WARNING * * *
The ogre barely misses you.
You hit Dethcloth's ghost.
Dethcloth's ghost is heavily damaged.
You hit the ogre.
You kill the ogre!
Trog accepts your kill.
Your Fighting skill increases to level 5!
Dethcloth's ghost hits you but does no damage.
You are electrocuted!
You die...

..###............###...
..............[....#....
.......###...<))........
....... ##....)........
.......####.........#...
#......##.........#....
#.....#...............
##.....................
#....)@................
#....W†....##..(#.....#
..........###...###....#
.........## .##
...o.....# ......>.##
........# .........


You could see Dethcloth's ghost and an orc.

Vanquished Creatures
  An ogre (D:4)
  A scorpion (D:4)
  A bullfrog skeleton (D:4)
  2 worker ants (D:4)
  4 gnolls
  4 adders
  4 adder skeletons
  4 worms
  3 dart slugs
  5 leopard geckos
  10 orcs
  3 giant cockroaches
  8 goblins
  11 hobgoblins
  6 jackals (D:2)
  3 kobolds
  7 bats
  4 frilled lizards
  6 rats
87 creatures vanquished.

Notes
Turn   | Place    | Note
-------+----------+-------------------------------------------
     0 | D:1      | prawnwizard the Minotaur Berserker began the quest for the Orb.
     0 | D:1      | Reached XP level 1. HP: 19/19 MP: 0/0
    99 | D:1      | Reached XP level 2. HP: 18/27 MP: 1/1
   100 | D:1      | Reached skill level 4 in Axes
   208 | D:1      | Reached ** piety under Trog
   375 | D:1      | Reached XP level 3. HP: 20/33 MP: 2/2
   852 | D:2      | Reached XP level 4. HP: 33/40 MP: 3/3
   939 | D:2      | Reached skill level 5 in Axes
  1412 | D:2      | Found a faded altar of an unknown god.
  1423 | D:2      | Reached *** piety under Trog
  1562 | D:2      | Reached XP level 5. HP: 45/47 MP: 4/4
  2290 | D:3      | Found a glowing silver altar of Zin.
  2360 | D:3      | You fall through a shaft!
  2543 | D:4      | Reached XP level 6. HP: 50/55 MP: 5/5
  2594 | D:4      | Reached skill level 6 in Axes
  2646 | D:4      | Noticed Dethcloth's ghost (novice TrFi)
  2659 | D:4      | Reached skill level 5 in Fighting
  2659 | D:4      | Slain by Dethcloth's ghost

Skill      XL: |  1  2  3  4  5  6 |
---------------+-------------------+-----
Axes           | 4 5 6 |  6.4
Fighting       | 4 5 |  5.1
Armour         | 3 4 |  4.1
Dodging        | 3 |  3.9

Action                   |  1- 3 |  4- 6 || total
-------------------------+-------+-------++-------
Melee: Hand axe          |    64 |   162 ||   226
       Headbutt          |    13 |    34 ||    47
Invok: Berserk           |       |     2 ||     2
  Eat: Chunk             |       |     7 ||     7
Armor: Animal skin       |     5 |       ||     5
       Ring mail         |    10 |     1 ||    11
       Chain mail        |       |    69 ||    69
Dodge: Dodged            |    43 |    75 ||   118
